[Event "XVI Memorial Lezcano Montalvo 2024"]
[Site "Gran Canaria"]
[Date "2024.03.28"]
[Round "6.13"]
[White "Van Zyl-Rudd, Jack"]
[Black "Bergero, Simone"]
[Result "1-0"]
[ECO "B30"]
[WhiteElo "2264"]
[BlackElo "2022"]
[Annotator "RC"]
[PlyCount "133"]
[EventDate "2024.03.23"]
[EventType "swiss"]
[EventCountry "ESP"]
[SourceTitle "playchess.com"]
[Source "ChessBase"]
[SourceQuality "1"]
[TimeControl "5400+30"]

1. e4 c5 2. Nf3 Nc6 3. Nc3 e5 4. Bc4 Be7 5. d3 d6 6. a4 Nf6 7. Bg5 Be6 8. Bxf6 Bxf6 9. Nd5 O-O 10. O-O Nd4 11. Nxd4 cxd4 12. g3 Rc8 13. Ra3 Bxd5 14. Bxd5 Qc7 15. Rb3 b6 16. Bc4 Qd7 17. Rb5 Qh3 18. Qf3 Rc5 19. Ra1 Rfc8 20. b4 Rxb5 21. axb5 Rc7 22. Rf1 h5 23. Qe2 Qg4 24. f3 Qg6 25. Qg2 h4 26. f4 hxg3 27. hxg3 exf4 28. gxf4 Qxg2+ 29. Kxg2 g6 30. Kf3 Kg7 31. Re1 Bh4 32. Re2 Be7 33. Rg2 f6 34. Bb3 Rc3 35. Rg1 Rc7 36. Ra1 Bf8 37. Bd5 Be7 38. Bc6 d5 39. Bxd5 Bxb4 40. e5 f5 41. Ra4 Bc3 42. Bc6 g5 43. fxg5 Kg6 44. Rc4 Kxg5 45. Rxc3 dxc3 46. d4 Rh7 47. d5 Rh2 48. d6 Rxc2 49. e6 Rd2 50. e7 c2 51. e8=Q Rd3+ 52. Ke2 c1=Q 53. Kxd3 Qa3+ 54. Kc4 Qc5+ 55. Kb3 Qxd6 56. Qd7 Qg3+ 57. Kc4 Qg4+ 58. Kd5 Qe4+ 59. Kd6 Qb4+ 60. Kc7 f4 61. Kb7 Qa3 62. Qg7+ Kh4 63. Kb8 a5 64. Qh6+ Kg4 65. Qg6+ Kh4 66. Qh6+ Kg4 67. Bd7+ 1-0

[Event "XVI Memorial Lezcano Montalvo 2024"]
[Site "Gran Canaria"]
[Date "2024.03.28"]
[Round "6.14"]
[White "Zhou, Lepu Coco"]
[Black "Hernando Rodrigo, Jose Maria"]
[Result "1/2-1/2"]
[ECO "B07"]
[WhiteElo "1980"]
[BlackElo "2257"]
[Annotator "RC"]
[PlyCount "52"]
[EventDate "2024.03.23"]
[EventType "swiss"]
[EventCountry "ESP"]
[SourceTitle "playchess.com"]
[Source "ChessBase"]
[SourceQuality "1"]
[TimeControl "5400+30"]

1. e4 d6 2. d4 Nf6 3. Nc3 c6 4. f4 Qb6 5. Nf3 Bg4 6. Be2 Bxf3 7. Bxf3 e5 8. fxe5 dxe5 9. dxe5 Nfd7 10. e6 fxe6 11. Bh5+ g6 12. Bg4 Na6 13. Bxe6 O-O-O 14. Bg5 Qxb2 15. Bf6 Bb4 16. Bxh8 Bxc3+ 17. Bxc3 Qxc3+ 18. Ke2 Nac5 19. Bh3 Qc4+ 20. Ke1 Re8 21. Bxd7+ Nxd7 22. Qd3 Rxe4+ 23. Kf1 Rf4+ 24. Ke2 Re4+ 25. Kf1 Qe6 26. Qf3 Qc4+ 1/2-1/2

[Event "XVI Memorial Lezcano Montalvo 2024"]
[Site "Gran Canaria"]
[Date "2024.03.28"]
[Round "6.15"]
[White "Quiceno Ramirez, Edwin Alejandro"]
[Black "Fiorito, Fabian"]
[Result "0-1"]
[ECO "E99"]
[WhiteElo "1888"]
[BlackElo "2251"]
[Annotator "RC"]
[PlyCount "78"]
[EventDate "2024.03.23"]
[EventType "swiss"]
[EventCountry "ESP"]
[SourceTitle "playchess.com"]
[Source "ChessBase"]
[SourceQuality "1"]
[TimeControl "5400+30"]

1. d4 Nf6 2. c4 g6 3. Nc3 Bg7 4. e4 d6 5. Nf3 O-O 6. Be2 e5 7. O-O Nc6 8. d5 Ne7 9. Ne1 Nd7 10. Be3 f5 11. f3 f4 12. Bf2 g5 13. Nd3 Ng6 14. c5 Nf6 15. Rc1 Rf7 16. cxd6 cxd6 17. Nb5 a6 18. Na3 b5 19. Nb4 h5 20. Nc6 Qf8 21. Nc2 Bh6 22. Kh1 g4 23. Rg1 g3 24. hxg3 fxg3 25. Bxg3 h4 26. Bh2 Nh5 27. g4 hxg3 28. Bxg3 Rg7 29. Bh2 Bxc1 30. Qxc1 Ngf4 31. Bf1 Rxg1+ 32. Kxg1 Qg7+ 33. Kf2 Qg5 34. Ne3 Bd7 35. Qd2 Kh8 36. Ke1 Rf8 37. Kd1 Ng6 38. Be2 Nh4 39. Ng4 Qxd2+ 0-1

[Event "XVI Memorial Lezcano Montalvo 2024"]
[Site "Gran Canaria"]
[Date "2024.03.28"]
[Round "6.16"]
[White "Tytynnik, Artem"]
[Black "Segura Marsa, Andres"]
[Result "1-0"]
[ECO "E92"]
[WhiteElo "2197"]
[BlackElo "1987"]
[Annotator "RC"]
[PlyCount "127"]
[EventDate "2024.03.23"]
[EventType "swiss"]
[EventCountry "ESP"]
[SourceTitle "playchess.com"]
[Source "ChessBase"]
[SourceQuality "1"]
[TimeControl "5400+30"]

1. d4 Nf6 2. c4 g6 3. Nc3 Bg7 4. e4 d6 5. Be2 O-O 6. Nf3 e5 7. Be3 exd4 8. Nxd4 Re8 9. f3 c6 10. Bf2 Nh5 11. Qd2 Be5 12. g3 c5 13. Nc2 Nc6 14. O-O-O a6 15. f4 Bxc3 16. Qxc3 Nf6 17. e5 Ne4 18. Qf3 Nxf2 19. Qxf2 Bf5 20. Rxd6 Qa5 21. Bd3 Bxd3 22. Rxd3 Qxa2 23. Qxc5 Na5 24. Qa3 Qxc4 25. Rc3 Qb5 26. Qb4 Rec8 27. Qxb5 axb5 28. Rxc8+ Rxc8 29. Rd1 b4 30. Kb1 b3 31. Ne3 h5 32. Rd5 Nc4 33. Nxc4 Rxc4 34. Rb5 Rc2 35. h4 Rg2 36. Rxb3 Kf8 37. Ka2 Ke8 38. Ka3 Kd8 39. Ka4 Kc7 40. Kb5 Kb8 41. Kc5 Kc7 42. Kd5 Rd2+ 43. Ke4 Re2+ 44. Kf3 Rh2 45. Rc3+ Kd7 46. Rd3+ Kc7 47. b3 Rh1 48. Ke4 Re1+ 49. Re3 Rf1 50. e6 f6 51. e7 Kd7 52. Kd5 Rd1+ 53. Kc5 Ke8 54. b4 Rb1 55. b5 Rb2 56. Kb6 Rb4 57. Re6 g5 58. hxg5 fxg5 59. f5 Rb1 60. f6 Rf1 61. Rd6 Kf7 62. Kxb7 h4 63. gxh4 gxh4 64. Rd8 1-0

[Event "XVI Memorial Lezcano Montalvo 2024"]
[Site "Gran Canaria"]
[Date "2024.03.28"]
[Round "6.17"]
[White "Perez Garcia, Jimena"]
[Black "Fiorito, Joaquin"]
[Result "0-1"]
[ECO "E73"]
[WhiteElo "1992"]
[BlackElo "2409"]
[Annotator "RC"]
[PlyCount "77"]
[EventDate "2024.03.23"]
[EventType "swiss"]
[EventCountry "ESP"]
[SourceTitle "playchess.com"]
[Source "ChessBase"]
[SourceQuality "1"]
[TimeControl "5400+30"]

1. d4 Nf6 2. c4 g6 3. Nc3 Bg7 4. e4 d6 5. Be2 O-O 6. Be3 Nc6 7. d5 Ne5 8. f4 Ned7 9. g4 c6 10. h3 Qa5 11. Bd2 Qb6 12. Qc2 cxd5 13. cxd5 Nc5 14. Rb1 e6 15. g5 Ne8 16. b4 Na6 17. Nf3 Bd7 18. Qb3 Rc8 19. Nd1 exd5 20. exd5 Bf5 21. Be3 Qd8 22. Bd3 Qd7 23. Kf2 Nec7 24. Kg3 Nb5 25. Bxf5 Qxf5 26. Nh4 Qd7 27. Qd3 Rfe8 28. Nf3 Nc3 29. Rb3 Nxa2 30. Qb1 Nc3 31. Qd3 Nxd1 32. Rxd1 Nxb4 33. Qb1 a5 34. Bb6 Na6 35. Bd4 Re7 36. Bxg7 Kxg7 37. Qa1+ Kg8 38. Qxa5 Nc5 39. Qb6 0-1

[Event "XVI Memorial Lezcano Montalvo 2024"]
[Site "Gran Canaria"]
[Date "2024.03.28"]
[Round "6.18"]
[White "Calzetta Ruiz, Monica"]
[Black "Peters, Alexander John"]
[Result "1-0"]
[ECO "B34"]
[WhiteElo "2239"]
[BlackElo "1993"]
[Annotator "RC"]
[PlyCount "67"]
[EventDate "2024.03.23"]
[EventType "swiss"]
[EventCountry "ESP"]
[SourceTitle "playchess.com"]
[Source "ChessBase"]
[SourceQuality "1"]
[TimeControl "5400+30"]

1. e4 c5 2. Nf3 Nc6 3. d4 cxd4 4. Nxd4 g6 5. Nc3 Bg7 6. Be3 Nf6 7. Nxc6 bxc6 8. e5 Ng8 9. f4 Nh6 10. Qd2 O-O 11. O-O-O d6 12. h3 Qa5 13. g4 dxe5 14. fxe5 Nxg4 15. hxg4 Bxg4 16. Be2 Bxe2 17. Qxe2 Qxe5 18. Qf2 Qa5 19. Bd4 Rad8 20. Qh4 h5 21. Bxg7 Kxg7 22. Qxe7 Rde8 23. Qh4 Re6 24. Rd7 Qe5 25. Qf2 a5 26. Rf1 Qe3+ 27. Qxe3 Rxe3 28. Kd2 Re6 29. a4 h4 30. Kd3 g5 31. Ne4 Kg6 32. Nc5 Re5 33. Rd6+ f6 34. Nd7 1-0

[Event "XVI Memorial Lezcano Montalvo 2024"]
[Site "Gran Canaria"]
[Date "2024.03.28"]
[Round "6.19"]
[White "Camino Carrio, Nicanor"]
[Black "Estremera Panos, Sergio"]
[Result "1-0"]
[ECO "D02"]
[WhiteElo "1962"]
[BlackElo "2233"]
[Annotator "RC"]
[PlyCount "81"]
[EventDate "2024.03.23"]
[EventType "swiss"]
[EventCountry "ESP"]
[SourceTitle "playchess.com"]
[Source "ChessBase"]
[SourceQuality "1"]
[TimeControl "5400+30"]

1. d4 Nf6 2. Bf4 d5 3. e3 c5 4. Nf3 Nc6 5. Nbd2 e6 6. c3 Nh5 7. Bg3 Nxg3 8. hxg3 Qb6 9. Rb1 g6 10. Bd3 cxd4 11. exd4 Bg7 12. Qe2 Qc7 13. Nf1 O-O 14. Ne3 f5 15. Ng5 h6 16. Nf3 Bd7 17. O-O g5 18. Bc2 b5 19. Qd3 Ne7 20. Rfe1 Be8 21. Ng4 Bh5 22. Nge5 g4 23. Nd2 Nc6 24. Qxb5 Nxd4 25. cxd4 Qxc2 26. Nb3 f4 27. Qc6 Qf5 28. gxf4 Rac8 29. Qa6 Bxe5 30. dxe5 Qxf4 31. Qxe6+ Kg7 32. Rf1 Rc2 33. Qe7+ Rf7 34. Qh4 Qxe5 35. Rbe1 Qg5 36. Qg3 Qf4 37. Qh4 Bg6 38. Re7 Rxb2 39. Nc5 Kh7 40. Ne6 Qd2 41. Qf6 1-0

[Event "XVI Memorial Lezcano Montalvo 2024"]
[Site "Gran Canaria"]
[Date "2024.03.28"]
[Round "6.20"]
[White "Martin Ramos, Daniel"]
[Black "Marrero Rodriguez, Jorge"]
[Result "0-1"]
[ECO "C50"]
[WhiteElo "1961"]
[BlackElo "2177"]
[Annotator "RC"]
[PlyCount "42"]
[EventDate "2024.03.23"]
[EventType "swiss"]
[EventCountry "ESP"]
[SourceTitle "playchess.com"]
[Source "ChessBase"]
[SourceQuality "1"]
[TimeControl "5400+30"]

1. e4 e5 2. Nf3 Nc6 3. Bc4 Nf6 4. d3 Bc5 5. Be3 Bb6 6. Nc3 d6 7. h3 h6 8. d4 O-O 9. Qd3 exd4 10. Nxd4 Ne5 11. Qe2 Nxe4 12. Bxf7+ Nxf7 13. Nxe4 Re8 14. Qd3 d5 15. Ng3 c5 16. Ndf5 d4 17. O-O-O dxe3 18. Qb3 Qg5 19. f4 Qg6 20. Rd6 Be6 21. Qd3 Kh8 0-1

[Event "XVI Memorial Lezcano Montalvo 2024"]
[Site "Gran Canaria"]
[Date "2024.03.28"]
[Round "6.21"]
[White "Hernandez Leon, Sergio"]
[Black "Garbezza, Davide"]
[Result "1/2-1/2"]
[ECO "A07"]
[WhiteElo "2172"]
[BlackElo "1888"]
[Annotator "RC"]
[PlyCount "51"]
[EventDate "2024.03.23"]
[EventType "swiss"]
[EventCountry "ESP"]
[SourceTitle "playchess.com"]
[Source "ChessBase"]
[SourceQuality "1"]
[TimeControl "5400+30"]

1. Nf3 d5 2. b3 Bf5 3. Bb2 e6 4. g3 Nf6 5. Bg2 h6 6. O-O Be7 7. d3 O-O 8. Nbd2 c6 9. Re1 a5 10. a4 Bh7 11. e4 Na6 12. e5 Nd7 13. Nd4 Nb4 14. f4 c5 15. Nb5 Qb6 16. Kh1 Rac8 17. Bf1 Rfd8 18. Nf3 c4 19. Bd4 Qa6 20. Na7 Rc7 21. Nb5 Rcc8 22. Na7 Rc7 23. Nb5 Rcc8 24. Na7 cxb3 25. Nxc8 Rxc8 26. cxb3 1/2-1/2

[Event "XVI Memorial Lezcano Montalvo 2024"]
[Site "Gran Canaria"]
[Date "2024.03.28"]
[Round "6.22"]
[White "Lopez Pereyra, Antonio"]
[Black "Rivero Tacoronte, Gabriel"]
[Result "0-1"]
[ECO "B11"]
[WhiteElo "2069"]
[BlackElo "1831"]
[Annotator "NA RC"]
[PlyCount "60"]
[EventDate "2024.03.23"]
[EventType "swiss"]
[EventCountry "ESP"]
[SourceTitle "playchess.com"]
[Source "ChessBase"]
[SourceQuality "1"]
[TimeControl "5400+30"]

1. e4 c6 2. Nc3 d5 3. Nf3 dxe4 4. Nxe4 Nf6 5. Qe2 Nxe4 6. Qxe4 Be6 7. b3 Nd7 8. Bb2 Nf6 9. Qh4 Bf5 10. Nd4 Bg6 11. f4 e6 12. O-O-O Bc5 13. f5 exf5 14. Re1+ Ne4 15. Nf3 O-O 16. Qf4 Re8 17. Bd3 Qa5 18. Bxe4 fxe4 19. Ne5 Qxa2 20. Nxg6 Ba3 21. Kd1 Qxb2 22. Nh4 Qb1+ 23. Ke2 Qxc2 24. Nf5 Qd3+ 25. Kd1 Qxb3+ 26. Ke2 Qd3+ 27. Kd1 Rad8 28. Qg5 Bb2 29. Rhf1 Kh8 30. Ng3 e3 0-1

[Event "XVI Memorial Lezcano Montalvo 2024"]
[Site "Gran Canaria"]
[Date "2024.03.28"]
[Round "6.23"]
[White "Lorenzo Merino, Hector"]
[Black "Perez Bolanos, David"]
[Result "0-1"]
[ECO "D04"]
[WhiteElo "1586"]
[BlackElo "2053"]
[Annotator "NA RC"]
[PlyCount "88"]
[EventDate "2024.03.23"]
[EventType "swiss"]
[EventCountry "ESP"]
[SourceTitle "playchess.com"]
[Source "ChessBase"]
[SourceQuality "1"]
[TimeControl "5400+30"]

1. Nf3 d5 2. d4 Nf6 3. e3 Nbd7 4. Bd3 c5 5. c3 g6 6. Nbd2 Bg7 7. O-O O-O 8. b3 b6 9. e4 dxe4 10. Nxe4 cxd4 11. Nxd4 Bb7 12. Re1 Nc5 13. Nxc5 bxc5 14. Nf3 Nd5 15. Bb2 Nxc3 16. Qc2 Bxf3 17. Bxc3 Bxc3 18. Qxc3 Bb7 19. Rad1 Qc7 20. Re5 Rac8 21. Rde1 e6 22. h4 Qd8 23. R1e3 Qxh4 24. Rxc5 Qg5 25. Rxg5 Rxc3 26. Ra5 Ra8 27. Be4 Rxe3 28. Bxb7 Re1+ 29. Kh2 Rb8 30. Rxa7 Re2 31. Kg3 Rd2 32. Bf3 e5 33. Ba8 Rd3+ 34. Kg4 Kg7 35. f4 h5+ 36. Kh4 exf4 37. Bf3 Kh6 38. Ra6 Re8 39. Bxh5 Re1 40. Bg4 Rh1+ 41. Bh3 f3 42. Kg4 f2 43. Rf6 f1=Q 44. Rxf1 Rxf1 0-1

[Event "XVI Memorial Lezcano Montalvo 2024"]
[Site "Gran Canaria"]
[Date "2024.03.28"]
[Round "6.24"]
[White "Lizzul Coppe, Mirko"]
[Black "Gonzalez Perdomo, Sergio"]
[Result "1-0"]
[ECO "B89"]
[WhiteElo "2027"]
[BlackElo "1792"]
[Annotator "NA RC"]
[PlyCount "43"]
[EventDate "2024.03.23"]
[EventType "swiss"]
[EventCountry "ESP"]
[SourceTitle "playchess.com"]
[Source "ChessBase"]
[SourceQuality "1"]
[TimeControl "5400+30"]

1. e4 c5 2. Nf3 Nc6 3. d4 cxd4 4. Nxd4 Nf6 5. Nc3 d6 6. Bc4 e6 7. Be3 Bd7 8. Qe2 a6 9. O-O-O Rc8 10. Bb3 Be7 11. g4 Nxd4 12. Bxd4 e5 13. Bxe5 dxe5 14. g5 Ng4 15. h4 Bxg5+ 16. hxg5 Qxg5+ 17. Kb1 g6 18. Bxf7+ Kxf7 19. Rxd7+ Ke8 20. Rxb7 h5 21. Qxa6 Qf6 22. Rb6 1-0

[Event "XVI Memorial Lezcano Montalvo 2024"]
[Site "Gran Canaria"]
[Date "2024.03.28"]
[Round "6.25"]
[White "Garcia Rodriguez, Adriana"]
[Black "Mendez Acosta, Alexander Jesus"]
[Result "1/2-1/2"]
[ECO "B00"]
[WhiteElo "1854"]
[BlackElo "2025"]
[Annotator "NA RC"]
[PlyCount "98"]
[EventDate "2024.03.23"]
[EventType "swiss"]
[EventCountry "ESP"]
[SourceTitle "playchess.com"]
[Source "ChessBase"]
[SourceQuality "1"]
[TimeControl "5400+30"]

1. e4 b6 2. d4 Bb7 3. Nc3 e6 4. Be3 Bb4 5. f3 Nf6 6. Qd2 d5 7. e5 Nfd7 8. a3 Be7 9. O-O-O c5 10. f4 cxd4 11. Bxd4 Nc6 12. Nf3 a6 13. g4 Qc7 14. f5 O-O-O 15. h4 Ndxe5 16. Nxe5 Nxe5 17. fxe6 Nf3 18. Qe2 Nxd4 19. Rxd4 Bf6 20. e7 Bxe7 21. Bg2 Rhe8 22. Qd3 Bf6 23. Qf5+ Qd7 24. Qxd7+ Rxd7 25. Rd2 d4 26. Bxb7+ Kxb7 27. g5 Be7 28. Rhd1 Red8 29. Ne2 Bd6 30. Rxd4 Bf4+ 31. Kb1 Rxd4 32. Rxd4 Rxd4 33. Nxd4 g6 34. c4 Bg3 35. Nf3 Kc6 36. Kc2 Kd6 37. Kd3 Bf4 38. b4 h6 39. Ke4 Bc1 40. a4 hxg5 41. hxg5 a5 42. bxa5 bxa5 43. Ne5 Bxg5 44. Nxf7+ Kc5 45. Nxg5 Kxc4 46. Nf3 Kb4 47. Kd4 Kxa4 48. Kc4 Ka3 49. Kc3 Ka2 1/2-1/2

[Event "XVI Memorial Lezcano Montalvo 2024"]
[Site "Gran Canaria"]
[Date "2024.03.28"]
[Round "6.26"]
[White "Leandro Tejera, Damian"]
[Black "Mukhi Talreja, Ishita Tina"]
[Result "1/2-1/2"]
[ECO "D04"]
[WhiteElo "1483"]
[BlackElo "1755"]
[Annotator "NA RC"]
[PlyCount "147"]
[EventDate "2024.03.23"]
[EventType "swiss"]
[EventCountry "ESP"]
[SourceTitle "playchess.com"]
[Source "ChessBase"]
[SourceQuality "1"]
[TimeControl "5400+30"]

1. d4 d5 2. Nf3 Nf6 3. e3 g6 4. Bd3 Bg7 5. O-O O-O 6. b3 b6 7. Bb2 Bb7 8. Ne5 c5 9. Nd2 Nc6 10. f4 Nb4 11. Bb5 a6 12. Be2 Rc8 13. a3 Nc6 14. Ndf3 cxd4 15. exd4 Ne4 16. Nxc6 Rxc6 17. Ne5 Bxe5 18. fxe5 Nc3 19. Qd2 Nxe2+ 20. Qxe2 Qc7 21. Rac1 b5 22. Qd2 Kg7 23. Rf3 Bc8 24. c4 bxc4 25. bxc4 Rxc4 26. Rxc4 Qxc4 27. Rc3 Qb5 28. Rc5 Qb7 29. Bc1 Bf5 30. Qh6+ Kg8 31. Bg5 f6 32. Bf4 Rc8 33. Rxc8+ Qxc8 34. h3 Qc3 35. exf6 Qxd4+ 36. Kh1 Qxf6 37. Bg5 Qf7 38. Qh4 Be4 39. Qg3 Qf8 40. Kg1 h6 41. Be3 Kh7 42. Bc5 Qf6 43. Qc7 Qg5 44. Qxe7+ Qxe7 45. Bxe7 Kg7 46. Bc5 Kf6 47. Bd4+ Kf5 48. g4+ Kf4 49. Kf2 h5 50. gxh5 gxh5 51. h4 Bd3 52. Ke1 Ke4 53. Bc3 d4 54. Bd2 Bc2 55. Bb4 Kd3 56. Bd2 Bb3 57. Bb4 Kc2 58. Bd2 Bc4 59. Bb4 Kb3 60. Kd2 Bf1 61. Kd1 Kb2 62. Kd2 d3 63. Bf8 Kb3 64. Bb4 Ka4 65. Be7 Kb5 66. Bd6 a5 67. Be7 Kc4 68. Bd6 Be2 69. Be7 Kd4 70. Bd8 a4 71. Be7 Ke5 72. Bd8 Kf4 73. Be7 Kg3 74. Bg5 1/2-1/2

[Event "XVI Memorial Lezcano Montalvo 2024"]
[Site "Gran Canaria"]
[Date "2024.03.28"]
[Round "6.27"]
[White "Cruz Pino, Adrian"]
[Black "Bangiev, Katharina"]
[Result "1-0"]
[ECO "D85"]
[WhiteElo "2015"]
[BlackElo "1779"]
[Annotator "NA RC"]
[PlyCount "81"]
[EventDate "2024.03.23"]
[EventType "swiss"]
[EventCountry "ESP"]
[SourceTitle "playchess.com"]
[Source "ChessBase"]
[SourceQuality "1"]
[TimeControl "5400+30"]

1. d4 Nf6 2. c4 g6 3. Nc3 d5 4. Nf3 Bg7 5. cxd5 Nxd5 6. e4 Nxc3 7. bxc3 O-O 8. Be2 c5 9. Be3 Nc6 10. Qd2 Qa5 11. Rc1 cxd4 12. cxd4 Qxd2+ 13. Kxd2 Bg4 14. d5 Bxf3 15. gxf3 Rfd8 16. Rhd1 e6 17. Ke1 exd5 18. exd5 Nb4 19. Bc4 b5 20. Bb3 a5 21. d6 a4 22. Bd5 Nxd5 23. Rxd5 Rd7 24. Rc7 Rad8 25. Rxb5 Rxd6 26. Rbb7 Rf8 27. Ra7 Re6 28. Kf1 Be5 29. Rcb7 Rf6 30. Kg2 Rf5 31. Rxa4 Rd8 32. Ra5 Bd4 33. Rxf5 gxf5 34. Bh6 Ra8 35. Rd7 Bf6 36. Rb7 Bd4 37. a4 Bc3 38. Kf1 f6 39. Ke2 Rxa4 40. Rg7+ Kh8 41. Rc7 1-0

[Event "XVI Memorial Lezcano Montalvo 2024"]
[Site "Gran Canaria"]
[Date "2024.03.28"]
[Round "6.28"]
[White "Sosa Suarez, Carla Cristina"]
[Black "Lorenzo Ventura, Abel"]
[Result "1-0"]
[ECO "B10"]
[WhiteElo "1980"]
[BlackElo "1772"]
[Annotator "NA RC"]
[PlyCount "51"]
[EventDate "2024.03.23"]
[EventType "swiss"]
[EventCountry "ESP"]
[SourceTitle "playchess.com"]
[Source "ChessBase"]
[SourceQuality "1"]
[TimeControl "5400+30"]

1. e4 c6 2. Nf3 d5 3. exd5 cxd5 4. Ne5 Nf6 5. d4 Nc6 6. c3 e6 7. Nd2 Qc7 8. f4 Bd6 9. Bd3 a6 10. a4 Rb8 11. Qe2 Na7 12. O-O Bd7 13. Ndf3 h6 14. f5 Bxe5 15. Nxe5 Rc8 16. Bf4 Qd8 17. fxe6 Bxe6 18. Ng6 Rg8 19. Rae1 Nd7 20. Bg3 Rc6 21. Nf4 Nf6 22. Bf5 Ne4 23. Bxe4 dxe4 24. Qxe4 g5 25. Nh5 Rg6 26. d5 1-0

[Event "XVI Memorial Lezcano Montalvo 2024"]
[Site "Gran Canaria"]
[Date "2024.03.28"]
[Round "6.29"]
[White "Rossello Padron, Carlos"]
[Black "Perez Bolanos, Joel"]
[Result "0-1"]
[ECO "A25"]
[WhiteElo "1792"]
[BlackElo "2046"]
[Annotator "NA RC"]
[PlyCount "58"]
[EventDate "2024.03.23"]
[EventType "swiss"]
[EventCountry "ESP"]
[SourceTitle "playchess.com"]
[Source "ChessBase"]
[SourceQuality "1"]
[TimeControl "5400+30"]

1. c4 e5 2. Nc3 Nf6 3. d3 Nc6 4. Bg5 h6 5. Bxf6 Qxf6 6. Nf3 Bb4 7. Qb3 O-O 8. O-O-O Bxc3 9. Qxc3 Nd4 10. Rg1 d6 11. Qd2 Nxf3 12. gxf3 Be6 13. Rg3 Qh4 14. Bg2 b5 15. Rg1 bxc4 16. f4 exf4 17. Bxa8 fxg3 18. hxg3 Qh2 19. Rh1 Qxf2 20. Bf3 cxd3 21. Qxd3 Bxa2 22. b3 Rb8 23. Bd5 c6 24. Rxh6 gxh6 25. Qg6+ Kf8 26. Qxd6+ Kg7 27. Qxb8 cxd5 28. Qe5+ Qf6 29. Qxd5 Qc3+ 0-1

[Event "XVI Memorial Lezcano Montalvo 2024"]
[Site "Gran Canaria"]
[Date "2024.03.28"]
[Round "6.30"]
[White "Cabrera Ramos, Javier"]
[Black "Fernandez Manrique, Agustin"]
[Result "0-1"]
[ECO "E60"]
[WhiteElo "1784"]
[BlackElo "2017"]
[Annotator "NA RC"]
[PlyCount "60"]
[EventDate "2024.03.23"]
[EventType "swiss"]
[EventCountry "ESP"]
[SourceTitle "playchess.com"]
[Source "ChessBase"]
[SourceQuality "1"]
[TimeControl "5400+30"]

1. Nf3 Nf6 2. e3 d6 3. c4 g6 4. b3 Bg7 5. Bb2 O-O 6. d4 c6 7. Bd3 Nbd7 8. Qc2 Re8 9. Nbd2 e5 10. O-O-O Qe7 11. dxe5 dxe5 12. Ne1 Nc5 13. f3 a5 14. e4 a4 15. b4 a3 16. Ba1 Na6 17. b5 cxb5 18. cxb5 Nb4 19. Qb3 Be6 20. Bc4 Bxc4 21. Nxc4 Rec8 22. Kd2 Qc5 23. Kc3 Bf8 24. Rd3 Qf2 25. Qb1 Qxa2 26. Qxa2 Nxa2+ 27. Kb3 Nc1+ 28. Kc3 Ra4 29. Rd1 Raxc4+ 30. Kd2 Bh6+ 0-1

[Event "XVI Memorial Lezcano Montalvo 2024"]
[Site "Gran Canaria"]
[Date "2024.03.28"]
[Round "6.32"]
[White "Arnaiz Yanes, Miguel Angel"]
[Black "Barrera Martin, Nayra Maria"]
[Result "1-0"]
[ECO "D13"]
[WhiteElo "1947"]
[BlackElo "1728"]
[Annotator "RC"]
[PlyCount "133"]
[EventDate "2024.03.23"]
[EventType "swiss"]
[EventCountry "ESP"]
[SourceTitle "playchess.com"]
[Source "ChessBase"]
[SourceQuality "1"]
[TimeControl "5400+30"]

1. d4 d5 2. Nf3 c5 3. c3 cxd4 4. cxd4 Nf6 5. e3 g6 6. Bd3 Bg7 7. O-O Nc6 8. a3 O-O 9. Nbd2 Re8 10. b4 a6 11. Bb2 Bf5 12. Nb3 Ne4 13. Bxe4 dxe4 14. Nfd2 e5 15. Nc4 exd4 16. Nxd4 Nxd4 17. Bxd4 Qg5 18. f4 exf3 19. Qxf3 Bxd4 20. exd4 Re7 21. Qf4 Qh5 22. Ne5 f6 23. Nf3 Kg7 24. Rac1 Rae8 25. Rc7 Bd7 26. Qd6 Qb5 27. h3 Rf7 28. d5 Bf5 29. Nd4 Qd3 30. Nxf5+ gxf5 31. Rf3 Qd4+ 32. Kh2 Rxc7 33. Qxc7+ Kf8 34. Qd6+ Kf7 35. Rxf5 Re7 36. Qc5 Qe4 37. Qf2 Ke8 38. d6 Rd7 39. Qc5 Qe6 40. Rd5 Kf7 41. Qd4 Qe2 42. Rc5 Qe6 43. Rc7 Ke8 44. Rc8+ Kf7 45. Rc7 Ke8 46. Qc5 Qe5+ 47. Qxe5+ fxe5 48. Rc5 Rxd6 49. Rxe5+ Kf7 50. Re3 Rd7 51. g4 Kg7 52. Kg3 Rf7 53. Rc3 Kg6 54. h4 Kg7 55. a4 h6 56. Rc4 Kh7 57. Rd4 Kg7 58. g5 hxg5 59. hxg5 Kg6 60. Kg4 Kg7 61. Rd6 Re7 62. Kh5 Kh7 63. b5 axb5 64. axb5 Rc7 65. b6 Re7 66. Rd4 Kg7 67. Rc4 1-0

[Event "XVI Memorial Lezcano Montalvo 2024"]
[Site "Gran Canaria"]
[Date "2024.03.28"]
[Round "6.33"]
[White "de Leon Navarro, Claudio"]
[Black "Mesa Rodriguez, Antonio"]
[Result "1-0"]
[ECO "A45"]
[WhiteElo "1931"]
[BlackElo "1697"]
[Annotator "NA RC"]
[PlyCount "97"]
[EventDate "2024.03.23"]
[EventType "swiss"]
[EventCountry "ESP"]
[SourceTitle "playchess.com"]
[Source "ChessBase"]
[SourceQuality "1"]
[TimeControl "5400+30"]

1. d4 Nf6 2. Bf4 g6 3. Nc3 d5 4. e3 Bg7 5. h4 h5 6. Nf3 O-O 7. Qd2 c6 8. Bd3 Nbd7 9. O-O-O b5 10. Ng5 a5 11. f3 a4 12. e4 Qb6 13. e5 Ne8 14. e6 b4 15. Ne2 b3 16. cxb3 axb3 17. a3 fxe6 18. Nxe6 Rf6 19. Nxg7 Nxg7 20. Bg5 Re6 21. Nf4 Qxd4 22. Nxe6 Nxe6 23. Bxg6 Qg7 24. Bf5 Nec5 25. Bh6 Qe5 26. Qg5+ Kh8 27. Rhe1 Ne4 28. fxe4 Rxa3 29. Bg7+ Qxg7 30. Qxg7+ Kxg7 31. bxa3 dxe4 32. Bxd7 Bxd7 33. Rxd7 c5 34. Rxe7+ Kf6 35. R7xe4 c4 36. Rxc4 Kf5 37. Rc8 Kg4 38. Rg8+ Kf5 39. Rf8+ Kg4 40. Re7 Kg3 41. Rg7+ Kh2 42. g4 hxg4 43. Rxg4 Kh3 44. Rfg8 Kh2 45. h5 Kh3 46. h6 Kh2 47. h7 b2+ 48. Kb1 Kh3 49. h8=Q# 1-0

[Event "XVI Memorial Lezcano Montalvo 2024"]
[Site "Gran Canaria"]
[Date "2024.03.28"]
[Round "6.34"]
[White "Sanchez Gonzalez, Diego"]
[Black "Roca Marrero, Fernando"]
[Result "0-1"]
[ECO "E90"]
[WhiteElo "1908"]
[BlackElo "1666"]
[Annotator "NA RC"]
[PlyCount "97"]
[EventDate "2024.03.23"]
[EventType "swiss"]
[EventCountry "ESP"]
[SourceTitle "playchess.com"]
[Source "ChessBase"]
[SourceQuality "1"]
[TimeControl "5400+30"]

1. e4 d6 2. d4 g6 3. c4 Bg7 4. Nf3 Nd7 5. Nc3 e5 6. Be3 Ngf6 7. h3 O-O 8. Bd3 Re8 9. O-O Qe7 10. Re1 Nf8 11. Qd2 exd4 12. Nxd4 Ne6 13. f4 Nxd4 14. Bxd4 c5 15. Bf2 Nh5 16. Nd5 Qd8 17. f5 Be5 18. Rf1 g5 19. Be2 Nf4 20. Be3 Nxd5 21. cxd5 f6 22. Bh5 Re7 23. Qf2 Bd7 24. g4 Be8 25. Bxe8 Qxe8 26. Rae1 Qa4 27. b3 Qd7 28. Kg2 h6 29. h4 Rh7 30. Rh1 Qg7 31. Kf3 Kf7 32. Rc1 b6 33. b4 Rb8 34. bxc5 bxc5 35. Rb1 Rhh8 36. Qd2 Qf8 37. Qa5 Qe7 38. hxg5 hxg5 39. Rxh8 Rxh8 40. Qa6 Rd8 41. Bxc5 dxc5 42. Rb7 Rd7 43. Qe6+ Ke8 44. Qg8+ Qf8 45. Qxf8+ Kxf8 46. Rxd7 a5 47. Ke3 c4 48. Ra7 Bf4+ 49. Kd4 0-1